 Dungeon Crawl Stone Soup version 0.18.1-1-g2f07953 (webtiles) character file.

563184 jacquesderrida the Bludgeoner (level 25, -4/165 HPs)
             Began as a Tengu Summoner on May 6, 2016.
             Was the Champion of the Shining One.
             Killed from afar by a fire dragon (12 damage)
             ... with a blast of flame
             ... on level 2 of the Depths on May 7, 2016.
             The game lasted 04:54:47 (37123 turns).

jacquesderrida the Bludgeoner (Tengu Summoner)     Turns: 37123, Time: 04:54:48

Health: -4/165     AC: 29    Str: 18    XL:     25   Next: 36%
Magic:  31/45      EV: 30    Int: 23    God:    the Shining One [******]
Gold:   1394       SH:  0    Dex: 23    Spells: 11 memorised, 2 levels left

rFire  + . .     SeeInvis .     P - +8 great mace "Doprolei" {elec, rPois rF+ Stlth+}
rCold  + . .     Gourm    .     e - +9 scale mail "Kinuopt" {+Fly rCorr Dex+3}
rNeg   + + +     Faith    .     (shield currently unavailable)
rPois  +         Spirit   .     d - +3 hat of Pondering {ponderous, MR+ MP+10 Int+5}
rElec  .         Dismiss  .     Q - +2 cloak {MR+}
rCorr  +         Reflect  .     j - +2 pair of gloves {Dex+3}
SustAt .         Harm     .     (boots unavailable)
MR     +++..                    s - amulet of regeneration
Stlth  +.........               n - ring of the Kraken {rPois rC+}
                                K - ring of wizardry

@: flying quickly and evasively, very slightly contaminated, glowing, repel
missiles, extremely resistant to hostile enchantments, very unstealthy
A: beak, talons 3, rugged brown scales 1, strong 1, able to fly 2
a: Stop Flying, Divine Shield, Cleansing Flame, Summon Divine Warrior, Brand
Weapon With Holy Wrath, Renounce Religion
}: 5/15 runes: decaying, serpentine, slimy, silver, abyssal


You were on level 2 of the Depths.
You worshipped the Shining One.
The Shining One was exalted by your worship.
You were not hungry.

You visited 11 branches of the dungeon, and saw 54 of its levels.
You visited the Abyss 2 times.
You visited 1 bazaar.
You also visited: Labyrinth, Ice Cave and Wizlab.

You collected 5296 gold pieces.
You spent 3902 gold pieces at shops.

Inventory:

Hand Weapons
 a - a +6 great mace of venom
 H - a +1 sacred scourge of holy wrath
 P - the +8 great mace "Doprolei" (weapon) {elec, rPois rF+ Stlth+}
   (You found it on level 4 of the Abyss)

   Occasionally, upon striking a foe, it will discharge some electrical energy
   and cause terrible harm.
   It protects you from fire.
   It protects you from poison.
   It makes you more stealthy.
 Z - the +8 great mace "Hiake" {antimagic, rF+ MR+ Str+3}
   (Okawaru gifted it to you on level 1 of the Elven Halls)

   It disrupts the flow of magical energy around spellcasters and certain
   magical creatures (including the wielder).
   It affects your strength (+3).
   It protects you from fire.
   It affects your resistance to hostile enchantments.
Missiles
 g - 41 tomahawks (quivered)
Armour
 d - the +3 hat of Pondering (worn) {ponderous, MR+ MP+10 Int+5}
   (Okawaru gifted it to you on level 12 of the Dungeon)

   It affects your intelligence (+5).
   It affects your resistance to hostile enchantments.
   It affects your magic capacity (+10).
 e - the +9 scale mail "Kinuopt" (worn) {+Fly rCorr Dex+3}
   (Okawaru gifted it to you on level 6 of the Pits of Slime)

   It affects your dexterity (+3).
   It lets you fly.
   It protects you from acid and corrosion.
 i - a +1 hat of magic resistance
 j - a +2 pair of gloves of dexterity (worn)
 m - a fire dragon hide
 t - the +0 pair of gloves of the Illusory Wishes {rF+ Int+3}
   (Okawaru gifted it to you on level 4 of the Snake Pit)

   It affects your intelligence (+3).
   It protects you from fire.
 Q - a +2 cloak of magic resistance (worn)
Rods
 b - a +3 rod of inaccuracy (17/17)
   (You found it on level 8 of the Dungeon)
Jewellery
 n - the ring of the Kraken (right hand) {rPois rC+}
   (You found it on level 3 of the Elven Halls)

   [ring of poison resistance]

   It protects you from cold.
   It protects you from poison.
 s - an amulet of regeneration (around neck)
 u - the ring "Plog" {-Tele rElec AC-2 Slay+3}
   (You found it on level 3 of the Depths)

   [ring of protection]

   It affects your AC (-2).
   It affects your accuracy and damage with ranged weapons and melee attacks
   (+3).
   It insulates you from electricity.
   It prevents most forms of teleportation.
 K - a ring of wizardry (left hand)
 N - an uncursed ring of see invisible
 V - an uncursed ring of protection from fire
 X - a +5 ring of dexterity
Wands
 o - a wand of digging (8/24)
 Y - a wand of hasting (5/9)
Scrolls
 f - 8 scrolls of remove curse
 h - a scroll of silence
 q - a scroll of amnesia
 v - 5 scrolls of fear
 w - a scroll of immolation
 z - 4 scrolls of identify
 B - 6 scrolls of enchant armour
 E - 6 scrolls of teleportation
 J - 2 scrolls of fog
 M - 2 scrolls of brand weapon
 O - a scroll of blinking
 R - 4 scrolls of magic mapping
 W - 4 scrolls of recharging
Potions
 k - 3 potions of agility
 p - 4 potions of curing
 r - 2 potions of cancellation
 x - 2 potions of magic
 A - 2 potions of resistance
 F - 2 potions of cure mutation
 G - a potion of ambrosia
 L - 8 potions of brilliance
 S - 2 potions of might
Books
 D - a book of Enchantments

   Spells                             Type                      Level
   a - Cause Fear                     Hexes                        4
   b - Yara's Violent Unravelling     Hexes/Transmutation          5
   c - Silence                        Hexes/Air                    5
   d - Deflect Missiles               Charms/Air                   6
   e - Haste                          Charms                       6
   f - Discord                        Hexes                        8
Miscellaneous
 y - an ornate deck of changes {drawn: 4}
 C - a phial of floods
 I - 2 phantom mirrors
 U - a sack of spiders
Comestibles
 c - 18 bread rations
 l - 7 meat rations
 T - 2 royal jellies


   Skills:
 + Level 17.5 Fighting
 - Level 20.2 Maces & Flails
 - Level 13.6 Armour
 - Level 16.7 Dodging
 - Level 2.0 Stealth
 - Level 7.8 Spellcasting
 - Level 12.4 Hexes
 - Level 13.3 Charms
 - Level 10.5 Summonings
 - Level 8.0 Translocations
 - Level 4.3 Ice Magic
 - Level 6.5 Air Magic
 + Level 11.8 Invocations


You had 2 spell levels left.
You knew the following spells:

 Your Spells              Type           Power        Failure   Level  Hunger
a - Apportation           Tloc           #####.....   1%          1    None
b - Spectral Weapon       Hex/Chrm       ######..     1%          3    None
c - Call Canine Familiar  Summ           ######..     1%          3    None
d - Summon Guardian Gole  Hex/Summ       ######..     1%          3    None
e - Summon Lightning Spi  Summ/Air       #####...     2%          4    ###....
f - Haste                 Chrm           ######..     4%          6    ######.
g - Blink                 Tloc           N/A          1%          2    None
h - Silence               Hex/Air        ######....   4%          5    #####..
i - Summon Ice Beast      Ice/Summ       #####...     4%          4    ###....
m - Repel Missiles        Chrm/Air       ######       1%          2    None
p - Passage of Golubria   Tloc           N/A          4%          4    ###....


Dungeon Overview and Level Annotations

Branches:
Dungeon (15/15)            Temple (1/1) D:4            Lair (8/8) D:8
  Swamp (4/4) Lair:4        Snake (4/4) Lair:4        Slime (6/6) Lair:7
    Orc (2/2) D:10            Elf (3/3) Orc:2        Vaults (5/5) D:14
  Crypt (3/3) Vaults:2       Tomb (0/3) Crypt:3      Depths (3/5) D:15

Altars:
Ashenzari
Cheibriados
Dithmenos
Elyvilon
Fedhas
Gozag
Kikubaaqudgha
Makhleb
Nemelex Xobeh
Okawaru
Pakellas
Qazlal
Ru
Sif Muna
Trog
Vehumet
Xom
Yredelemnul
Zin
The Shining One
Beogh
Jiyva

Shops:
D:13 !   Orc:2 :!!(   Elf:1 ?%=   Vaults:5 [

Portals:
Hell: Depths:1 Depths:2
Abyss: Depths:3
Pandemonium: Depths:1 Depths:3

Annotations:
Lair:2 Keyn's ghost, journeyman SpEn; kae's ghost, journeyman DEFE
Lair:4 SNEK
Lair:6 exclusion: oklob plant
Snake:1 pedarasy
Elf:2 BOZER
Depths:2 Sojobo


Innate Abilities, Weirdness & Mutations

You have a beak for a mouth.
You have claws for feet.
You can fly continuously.
You are partially covered in rugged brown scales (AC +1, +3% HP).
Your muscles are strong. (Str +2)


Message History

Sojobo waves his feathered arms in wide circles.
The air twists around and violently strikes you in flight!
* * * LOW HITPOINT WARNING * * *
The deep troll completely misses you. The deep troll misses you.
The deep troll closely misses you.
Drink which item? (? for menu, Esc to quit)
You feel better.
The deep troll completely misses you. x2
The deep troll misses you.
Sojobo waves his feathered arms in wide circles.
The air twists around and violently strikes you in flight!
* * * LOW HITPOINT WARNING * * *
Unknown command.
Read which item? (? for menu, Esc to quit)
Blink to where?
Press: ? - help, Dir - move target cursor You are very lightly contaminated with residual magic.
As you read the scroll of blinking, it crumbles to dust.
The fire dragon breathes flames at you. The blast of flame hits you!
You resist.
You die...

............#.†........
#∩..........##T†........
........................
...........#(A..........
...............§.######.
...............≈..T###..
#..
..............≈....)))..
....
...............>...#..#.
###....
.......@.....[^......##.
.......
................(.......
.......
................########
.....# .<..#..≈≈≈.......
.....## #..
#.D.≈≈.....#. ......# ##
##........### ..Q..##
##........ .. .TCT.##
##....... .≈D...##


You could see a fire dragon, a deep troll, a friendly daeva and a friendly
spectral great mace "Doprolei" {elec, rPois rF+ Stlth+}.

Vanquished Creatures
  the Royal Jelly (Slime:6)
  3 ancient liches
  Norris (Vaults:1)
  Saint Roka (Vaults:4)
  Vashnia (Snake:4)
  A golden dragon (Vaults:5)
  A curse toe (Crypt:3)
  A profane servitor (Abyss:4)
  4 tentacled monstrosities
  8 acid blobs
  6 deep elf master archers
  11 titans
  4 liches
  3 deep elf blademasters
  7 ancient champions (Crypt:3)
  3 sphinxes
  13 tentacled starspawn
  8 tengu reavers
  A thorn hunter (Swamp:4)
  6 azure jellies (Slime:6)
  A shadow dragon (Vaults:4)
  7 greater nagas
  6 fire giants
  An azure jelly (shapeshifter) (Vaults:5)
  10 vault wardens
  8 frost giants
  7 deep elf sorcerers
  A balrug (Depths:3)
  An angel (Abyss:1)
  3 orc warlords
  2 war gargoyles (Vaults:5)
  7 deep elf elementalists
  8 ironheart preservers
  2 cacodemons
  A curse skull (Crypt:2)
  6 stone giants
  4 very ugly things
  2 reapers
  6 ghouls
  A lorocyproca (Abyss:4)
  A green draconian (Abyss:2)
  A dire elephant (D:15)
  2 red draconians
  Nessos (D:13)
  A vampire knight (Crypt:3)
  4 deep elf demonologists (Elf:3)
  2 salamander stormcallers
  10 deep elf annihilators
  2 white draconians
  A yellow draconian (Abyss:2)
  A mottled draconian (Crypt:2)
  A merfolk impaler (D:15)
  5 ettins
  4 eidola
  A minotaur (Lab)
  10 yaktaur captains
  4 fire dragons
  32 vault guards
  A mummy priest (Crypt:3)
  11 deep elf death magi
  4 death oozes (Slime:6)
  Josephine (Lair:6)
  5 jiangshi
  7 great orbs of eyes
  3 entropy weavers
  7 deep elf high priests (Elf:3)
  13 ogre magi
  A monstrous demonspawn (Depths:3)
  10 naga warriors
  16 hydras
  5 ice dragons
  2 rakshasas
  2 ghost crabs
  A catoblepas (Lair:4)
  4 centaur warriors
  Erolcha (Orc:1)
  7 alligators
  4 death knights
  3 anacondas
  4 tengu warriors
  A titan zombie (Depths:1)
  5 vampire magi
  3 deep troll earth magi
  10 dancing weapons
  3 deep troll shamans (Depths:1)
  A hell hog (Abyss:3)
  2 spriggan berserkers (Depths:2)
  12 thrashing horrors
  11 naga sharpshooters
  A titan skeleton (Vaults:5)
  Nergalle (Orc:2)
  2 shock serpents
  2 soul eaters
  9 deep elf knights
  Urug (D:15)
  10 wretched stars
  A spark wasp zombie (Crypt:3)
  17 small abominations
  2 spriggans
  A storm dragon zombie (Vaults:5)
  3 storm dragon skeletons
  2 sun demons
  4 salamander mystics
  13 skeletal warriors
  3 wizards
  A fire crab (Vaults:4)
  3 spatial maelstroms
  2 shadow wraiths
  An unseen horror (Abyss:4)
  8 deep trolls
  25 large abominations
  6 hell knights
  A spriggan druid (Swamp:4)
  10 deep elf archers
  3 giant orange brains
  2 flayed ghosts
  5 naga ritualists
  8 swamp dragons
  An anubis guard (Crypt:3)
  15 orc knights
  2 hill giants
  A shambling mangrove (Swamp:1)
  29 starcursed masses
  6 phantasmal warriors
  9 necromancers
  12 ironbrand convokers
  A sphinx zombie (Vaults:5)
  2 lindwurms (Lair:8)
  A tengu zombie (Depths:1)
  5 hornets
  5 harpies (Vaults:5)
  16 ugly things
  10 mana vipers
  4 orc sorcerers
  A shining eye (Slime:5)
  37 deep elf magi
  2 salamanders (Vaults:2)
  2 shock serpent zombies
  4 worldbinders
  A shadow dragon skeleton (Vaults:5)
  3 wolf spiders
  6 cyclopes
  4 apocalypse crabs
  7 ice statues
  2 centaur zombies
  3 sixfirhies
  3 black mambas (shapeshifter)
  A fire giant skeleton (Abyss:4)
  21 elephants
  2 stone giant skeletons
  9 smoke demons
  3 guardian serpents (Snake:4)
  2 rust devils
  A dire elephant zombie (Crypt:3)
  16 naga magi
  A water nymph (shapeshifter) (Vaults:5)
  27 black mambas
  15 spiny frogs
  5 torpor snails (Lair:8)
  2 gargoyles (D:12)
  4 eyes of devastation
  A mottled draconian zombie (Crypt:2)
  7 vault sentinels
  2 orange demons (Abyss:2)
  2 hellions (Abyss:4)
  An elephant slug zombie (Crypt:3)
  2 freezing wraiths
  6 komodo dragons
  2 efreet
  27 yaktaurs
  10 ancient zymes
  2 ice devils
  A green draconian skeleton (Crypt:1)
  A hellwing (Abyss:4)
  A guardian mummy (Crypt:3)
  4 tengu conjurers
  2 entropy weaver zombies
  A silent spectre (Abyss:2)
  A red devil (Depths:3)
  3 trolls
  10 two-headed ogres
  4 polar bears (Lair:4)
  An ushabti (Crypt:3)
  A hydra zombie (Crypt:3)
  A queen bee (Abyss:4)
  Prince Ribbit (D:7)
  26 blink frogs
  A giant leech (shapeshifter) (Vaults:5)
  5 giant leeches
  64 slime creatures
  10 raiju
  A guardian serpent zombie (Crypt:3)
  A fire giant simulacrum (Crypt:2)
  A boulder beetle (Lair:8)
  5 bog bodies
  A flying skull (Abyss:4)
  An ettin zombie (Crypt:1)
  2 air elementals
  2 redbacks (Depths:1)
  3 shadows
  6 water elementals (Depths:1)
  2 vampires (D:15)
  40 yaks
  A tarantella (Depths:3)
  11 wraiths
  6 ynoxinuls
  A basilisk (Lair:8)
  2 wyverns
  5 golden eyes (Slime:6)
  5 hogs (Lair:8)
  20 humans (D:14)
  2 steam dragons
  10 chaos spawn
  10 neqoxecs
  4 fire elementals
  3 hungry ghosts
  7 hippogriffs
  11 vampire mosquitoes
  A spatial vortex (Abyss:4)
  2 mottled dragons
  10 swamp worms
  15 wargs
  A putrid demonspawn zombie (Crypt:2)
  48 nagas
  8 water moccasins
  A soldier ant (D:14)
  A giant eyeball (shapeshifter) (Vaults:5)
  3 giant eyeballs
  A tengu skeleton (Depths:1)
  11 porcupines
  A manticore zombie (Crypt:2)
  2 eyes of draining
  51 orc warriors
  A sky beast (D:11)
  6 ice beasts
  17 swamp drakes
  7 wasps
  A phantom (D:11)
  45 ogres
  2 necrophages
  6 wolves
  5 centaurs
  16 crocodiles
  An elf zombie (Elf:1)
  A dryad zombie (Crypt:2)
  3 big kobolds
  13 giant frogs
  A rime drake skeleton (Crypt:2)
  An earth elemental (Elf:2)
  A scorpion (D:9)
  10 killer bees
  2 human simulacra
  A water moccasin skeleton (D:5)
  A warg skeleton (Crypt:3)
  A troll zombie (Crypt:1)
  6 wights
  2 electric eels (Lair:4)
  9 crimson imps
  A lava snake (Lair:6)
  3 quasits
  A giant frog zombie (D:12)
  2 draconian simulacra (IceCv)
  5 hounds
  15 orc priests
  6 centaur skeletons
  2 iron imps
  15 jellies
  16 orc wizards
  8 iguanas
  4 worker ants
  2 troll simulacra (IceCv)
  A sheep (shapeshifter) (Elf:1)
  A crocodile zombie (Crypt:2)
  32 sheep
  A centaur simulacrum (IceCv)
  A hound skeleton (D:8)
  A howler monkey zombie (Crypt:3)
  4 gnolls
  58 river rats
  3 adders
  4 naga simulacra (IceCv)
  An ogre simulacrum (IceCv)
  10 shadow imps
  3 white imps
  An ufetubus (Abyss:4)
  2 adder zombies (D:8)
  A sheep skeleton (Crypt:2)
  18 worms
  6 giant geckos
  105 orcs
  4 bats
  A giant cockroach (D:3)
  A goblin (D:2)
  3 jackals
  2 quokkas
  A giant newt (D:2)
  16 kobolds
  A quokka skeleton (Crypt:2)
  A bush (Lair:5)
  6 crawling corpses
  2 lost souls
  A plant (Lair:8)
  12 starspawn tentacles
  2 starspawn tentacle segments (Abyss:3)
1925 creatures vanquished.

Vanquished Creatures (collateral kills)
  2 bone dragons
  An ancient champion (Crypt:3)
  Kirke (Lair:8)
  A deep elf sorcerer (Elf:3)
  A cacodemon (Abyss:4)
  A mummy priest (Crypt:3)
  An eidolon (Crypt:3)
  2 hydras
  A catoblepas (D:13)
  A spatial maelstrom (Abyss:4)
  A shadow wraith (Crypt:3)
  A death drake (Abyss:4)
  A skeletal warrior (Crypt:3)
  A necromancer (IceCv)
  An orc knight (D:9)
  A phantasmal warrior (Crypt:3)
  An ugly thing (Abyss:4)
  A shining eye (Slime:5)
  A manticore (D:15)
  A griffon (Lair:7)
  4 elephants
  A frost giant skeleton (Crypt:3)
  2 smoke demons (Abyss:4)
  3 spiny frogs
  3 komodo dragons
  A guardian mummy (Crypt:3)
  3 ice devils (IceCv)
  2 ancient zymes (Abyss:4)
  A hellwing (Abyss:4)
  A troll (D:11)
  A polar bear (Lair:4)
  A slime creature (Swamp:1)
  2 raiju (Abyss:4)
  2 blink frogs
  2 large abominations (Abyss:4)
  A wyvern (D:9)
  3 starcursed masses (Abyss:4)
  8 yaks
  A fire elemental (Lair:1)
  2 neqoxecs
  A hog (Lair:8)
  4 hungry ghosts
  A hippogriff (Lair:7)
  A vampire mosquito (Swamp:3)
  2 spatial vortices (Abyss:4)
  6 wargs (D:9)
  A water moccasin (Lair:7)
  5 porcupines
  6 orc warriors (D:9)
  4 ice beasts (Lair:3)
  2 swamp drakes (Lair:8)
  A wasp (Lair:8)
  4 crocodiles
  A giant frog (D:8)
  2 small abominations (Abyss:4)
  A scorpion (D:7)
  A wight (D:13)
  2 giant frog zombies
  2 hounds
  3 orc wizards
  A centaur skeleton (D:5)
  2 iguanas
  2 worker ants
  2 sheep
  8 adders
  6 gnolls
  16 river rats
  4 worms
  12 orcs
  A bat (D:2)
  A giant cockroach (D:7)
  A hobgoblin (D:2)
  3 jackals
  2 quokkas
  6 goblins
  7 kobolds
  A rat (D:2)
  A fungus (Lair:7)
192 creatures vanquished.

Vanquished Creatures (others)
  2 deep elf high priests (Elf:3)
  A dancing weapon (Vaults:5)
  A deep troll shaman (Depths:2)
  A shadow wraith (Vaults:5)
  A deep elf knight (Elf:3)
  A spriggan druid (Swamp:4)
  A deep elf mage (Elf:1)
  A necromancer (Elf:1)
  A black mamba (Snake:4)
  An ice devil (IceCv)
  A spriggan (Swamp:3)
  A swamp worm (Swamp:4)
  An elf zombie (Elf:1)
  A killer bee (D:12)
  A crimson imp (D:15)
  A jelly (Slime:6)
  An orc (Orc:1)
  34 fungi
  4 lost souls
  2 lurking horrors
  20 plants
  7 spectral weapons
  27 starspawn tentacles
  225 starspawn tentacle segments
337 creatures vanquished.

Grand Total: 2454 creatures vanquished

Notes
Turn   | Place    | Note
--------------------------------------------------------------
     0 | D:1      | jacquesderrida the Tengu Summoner began the quest for the Orb.
     0 | D:1      | Reached XP level 1. HP: 10/10 MP: 4/4
   117 | D:1      | Reached skill level 5 in Summonings
   253 | D:2      | Found an ancient bone altar of Kikubaaqudgha.
   306 | D:2      | Reached XP level 2. HP: 13/15 MP: 0/6
   336 | D:2      | Learned a level 2 spell: Call Imp
   343 | D:2      | OK I OKER
   344 | D:2      | Found an iron altar of Okawaru.
   407 | D:2      | Reached XP level 3. HP: 19/19 MP: 4/7
   415 | D:2      | Became a worshipper of Warmaster Okawaru
   632 | D:2      | Learned a level 3 spell: Call Canine Familiar
   844 | D:3      | Found a deep blue altar of Sif Muna.
   872 | D:3      | Found a stormy altar of Qazlal.
  1118 | D:3      | Found a glowing golden altar of the Shining One.
  1148 | D:4      | Reached XP level 4. HP: 24/24 MP: 5/8
  1186 | D:4      | Found an opulent altar of Gozag.
  1186 | D:4      | Found a shattered altar of Ashenzari.
  1186 | D:4      | Found a snail-covered altar of Cheibriados.
  1288 | D:5      | Entered Level 5 of the Dungeon
  1294 | D:5      | Reached skill level 1 in Maces & Flails
  1320 | D:5      | Gained mutation: You can fly. [Tengu growth]
  1320 | D:5      | Reached XP level 5. HP: 28/28 MP: 6/9
  1420 | D:5      | Reached skill level 2 in Maces & Flails
  1451 | D:5      | Reached * piety under Okawaru
  1611 | D:5      | Reached XP level 6. HP: 30/32 MP: 1/10
  1615 | D:5      | Reached skill level 3 in Maces & Flails
  1747 | D:7      | Learned a level 3 spell: Summon Guardian Golem
  1827 | D:7      | Noticed an ice beast
  1871 | D:7      | Reached skill level 1 in Fighting
  1979 | D:8      | Noticed an orc warrior
  2004 | D:8      | Noticed a porcupine
  2005 | D:8      | Noticed a yak
  2005 | D:8      | Noticed a porcupine
  2005 | D:8      | Noticed a yak
  2006 | D:8      | Noticed a yak
  2006 | D:8      | Noticed a porcupine
  2053 | D:7      | Noticed Prince Ribbit
  2080 | D:7      | Killed Prince Ribbit
  2080 | D:7      | Reached ** piety under Okawaru
  2080 | D:7      | Reached skill level 4 in Maces & Flails
  2080 | D:7      | Reached XP level 7. HP: 37/40 MP: 2/11
  2147 | D:8      | Identified a +0 rod of inaccuracy (14/14) (You found it on level 8 of the Dungeon)
  2233 | D:8      | Noticed a yak
  2233 | D:8      | Noticed a yak
  2233 | D:8      | Noticed a yak
  2234 | D:8      | Noticed a yak
  2236 | D:8      | Noticed a yak
  2238 | D:8      | Noticed a yak
  2239 | D:8      | Killed a yak
  2239 | D:8      | Reached *** piety under Okawaru
  2239 | D:8      | Reached skill level 5 in Maces & Flails
  2239 | D:8      | Reached XP level 8. HP: 36/46 MP: 10/12
  2241 | D:8      | Killed a yak
  2241 | D:8      | Killed a yak
  2264 | D:8      | Reached skill level 6 in Maces & Flails
  2266 | D:8      | Killed a yak
  2266 | D:8      | Killed a yak
  2266 | D:8      | Reached skill level 5 in Fighting
  2266 | D:8      | Reached skill level 10 in Summonings
  2274 | D:8      | Killed a yak
  2274 | D:8      | Reached XP level 9. HP: 54/54 MP: 9/13
  2287 | D:8      | Reached **** piety under Okawaru
  2287 | D:8      | Reached skill level 7 in Maces & Flails
  2476 | D:8      | HALP
  2595 | D:8      | Found a staircase to the Lair.
  2983 | D:9      | Noticed a troll
  2997 | D:9      | Killed a troll
  2997 | D:9      | Reached ***** piety under Okawaru
  3023 | D:9      | Found a shimmering altar of Xom.
  3037 | D:9      | Found a white marble altar of Elyvilon.
  3194 | D:9      | Reached skill level 8 in Maces & Flails
  3237 | D:9      | Reached XP level 10. HP: 53/61 MP: 12/16
  3292 | D:9      | Reached skill level 5 in Dodging
  3351 | D:9      | Learned a level 4 spell: Summon Lightning Spire
  3517 | D:9      | Reached skill level 1 in Air Magic
  3643 | D:9      | Noticed an orc knight
  3731 | D:9      | Killed an orc knight
  3765 | D:9      | Reached skill level 9 in Maces & Flails
  3944 | D:9      | Noticed an orc warlord
  3955 | D:9      | Reached skill level 1 in Armour
  3967 | D:10     | Entered Level 10 of the Dungeon
  4042 | D:10     | Learned a level 4 spell: Summon Ice Beast
  4175 | D:10     | Reached skill level 1 in Ice Magic
  4259 | D:10     | Gained mutation: You are partially covered in rough black scales (AC +4, Dex -1). [potion of beneficial mutation]
  4260 | D:10     | Gained mutation: You are partially covered in rugged brown scales (AC +1, +3% HP). [potion of beneficial mutation]
  4700 | D:9      | Killed an orc warlord
  4700 | D:9      | Reached ****** piety under Okawaru
  4700 | D:9      | Received a gift from Okawaru
  4700 | D:9      | Reached skill level 5 in Air Magic
  4700 | D:9      | Reached XP level 11. HP: 69/69 MP: 5/18
  5075 | Lair:1   | Entered Level 1 of the Lair of Beasts
  5153 | Lair:1   | Reached skill level 10 in Maces & Flails
  5464 | Lair:2   | Reached skill level 5 in Armour
  5476 | Lair:2   | Reached skill level 1 in Invocations
  5570 | Lair:2   | Noticed Keyn's ghost (journeyman SpEn)
  5573 | Lair:2   | Noticed kae's ghost (journeyman DEFE)
  5649 | Lair:3   | Found a frozen archway.
  5714 | IceCv    | Entered an ice cave
  5718 | IceCv    | Learned a level 2 spell: Blink
  5759 | IceCv    | Received a gift from Okawaru
  5921 | IceCv    | Reached XP level 12. HP: 50/74 MP: 14/19
  6063 | IceCv    | Got a transparent short sword {pierce}
  6323 | Lair:4   | Reached skill level 11 in Maces & Flails
  6502 | Lair:4   | Noticed a catoblepas
  6522 | Lair:4   | Killed a catoblepas
  6626 | Lair:4   | Identified the cursed +0 short sword "Guzam Foppy" {pierce, MP+9} (You took it off a necromancer in an ice cave)
  6686 | Lair:4   | Noticed an eight-headed hydra
  6807 | Lair:5   | Noticed Josephine
  6870 | Lair:5   | Got a transparent leather armour
  6881 | Lair:5   | Identified the cursed +1 leather armour of Tacici {Regen+ Str+4} (You found it on level 5 of the Lair of Beasts)
  7008 | Lair:5   | Noticed an eight-headed hydra
  7016 | Lair:5   | Killed an eight-headed hydra
  7261 | Lair:6   | Received a gift from Okawaru
  7388 | Lair:6   | Killed Josephine
  7388 | Lair:6   | Reached skill level 12 in Maces & Flails
  7466 | Lair:6   | Identified the Catalogue of Nocuous Attacks
  7580 | Lair:6   | Noticed a six-headed hydra
  7589 | Lair:6   | Killed a six-headed hydra
  7589 | Lair:6   | Reached XP level 13. HP: 58/78 MP: 4/20
  7906 | Lair:7   | Identified a scroll of acquirement
  7907 | Lair:7   | Got a pitted cloak
  7926 | Lair:7   | Identified the +0 cloak of Vehumet's Reproof {rPois MP-9 Dex+3} (You acquired it on level 7 of the Lair of Beasts)
  7936 | Lair:7   | Found a staircase to the Slime Pits.
  8058 | Lair:7   | Received a gift from Okawaru
  8101 | Lair:8   | Entered Level 8 of the Lair of Beasts
  8219 | Lair:8   | Found a labyrinth entrance.
  8228 | Lab      | Entered a labyrinth
  8673 | Lab      | Noticed a minotaur
  8684 | Lab      | Killed a minotaur
  8684 | Lab      | Reached skill level 10 in Dodging
  8694 | Lab      | Identified a -2 rod of shadows (4/14) (You took it off a minotaur in a labyrinth)
  8703 | Lab      | Identified a +3 rod of clouds (10/10) (You found it in a labyrinth)
  8852 | Lair:8   | Reached skill level 13 in Maces & Flails
  8934 | Lair:8   | Found a runed door.
  9029 | Lair:8   | Reached skill level 10 in Armour
  9584 | Lair:8   | Noticed Kirke
  9756 | Lair:8   | Killed Kirke
  9756 | Lair:8   | Gained mutation: You can fly continuously. [Tengu growth]
  9756 | Lair:8   | Reached XP level 14. HP: 71/84 MP: 1/21
  9854 | Lair:8   | Received a gift from Okawaru
 10178 | Lair:8   | Reached skill level 14 in Maces & Flails
 10222 | Lair:5   | Received a gift from Okawaru
 10439 | Lair:1   | Learned a level 2 spell: Repel Missiles
 11251 | D:13     | Noticed Nessos
 11252 | D:13     | Found Ydun's Distillery.
 11274 | D:13     | Killed Nessos
 11313 | D:13     | Bought a potion of degeneration for 14 gold pieces
 11313 | D:13     | Bought a potion of heal wounds for 70 gold pieces
 11314 | D:13     | Bought a potion of heal wounds for 70 gold pieces
 11314 | D:13     | Bought a potion of curing for 42 gold pieces
 11620 | D:12     | Received a gift from Okawaru
 12815 | D:10     | Found a staircase to the Orcish Mines.
 12821 | Orc:1    | Entered Level 1 of the Orcish Mines
 13040 | Orc:2    | Entered Level 2 of the Orcish Mines
 13076 | Orc:2    | Found a staircase to the Elven Halls.
 13239 | Orc:2    | Found Oneesakh's Distillery.
 13243 | Orc:2    | Bought a potion of resistance for 110 gold pieces
 13243 | Orc:2    | Bought a potion of cancellation for 88 gold pieces
 13247 | Orc:2    | Found Cisu's Antique Weapon Boutique.
 13265 | Orc:2    | Reached skill level 15 in Maces & Flails
 13383 | Orc:2    | Reached XP level 15. HP: 93/93 MP: 22/22
 13390 | Orc:2    | Found a roughly hewn altar of Beogh.
 13403 | Orc:2    | Found Guxzum's Book Shoppe.
 13403 | Orc:2    | Found Elagea's Distillery.
 13539 | Orc:2    | Bought a potion of mutation for 37 gold pieces
 13540 | Orc:2    | Bought a potion of haste for 150 gold pieces
 13540 | Orc:2    | Bought a potion of agility for 60 gold pieces
 13540 | Orc:2    | Bought a potion of heal wounds for 75 gold pieces
 13540 | Orc:2    | Bought a potion of agility for 60 gold pieces
 13590 | Orc:2    | Bought a pitted demon whip for 640 gold pieces
 13591 | Orc:2    | Identified the cursed +1 demon whip "Bauwkon" {slash, Str-4 Dex+7} (You bought it in a shop on level 2 of the Orcish Mines)
 13604 | Orc:2    | Bought 2 potions of curing for 66 gold pieces
 13843 | Elf:1    | Entered Level 1 of the Elven Halls
 13932 | Elf:1    | Found Rafofuda's Jewellery Shop.
 14077 | Orc:1    | Noticed Nergalle
 14078 | Orc:1    | Noticed Erolcha
 14087 | Orc:2    | Killed Nergalle
 14155 | Orc:1    | Reached skill level 10 in Fighting
 14172 | Orc:1    | Killed Erolcha
 14427 | D:14     | Received a gift from Okawaru
 14555 | D:14     | Found a gate to the Vaults.
 14593 | D:14     | Reached skill level 5 in Invocations
 14728 | D:15     | Entered Level 15 of the Dungeon
 14888 | D:15     | Noticed Urug
 14899 | D:15     | Killed Urug
 15018 | D:15     | Paralysed by a giant eyeball for 3 turns
 15078 | D:15     | Received a gift from Okawaru
 15472 | D:15     | Found a staircase to the Depths.
 15479 | Depths:1 | Entered Level 1 of the Depths
 15485 | D:15     | Received a gift from Okawaru
 15515 | D:15     | Reached skill level 16 in Maces & Flails
 15581 | Depths:1 | Reached XP level 16. HP: 103/103 MP: 21/23
 15920 | Depths:1 | Found a magical portal.
 15931 | WizLab   | Entered Wucad Mu's Monastery
 16025 | WizLab   | Noticed a grey draconian monk
 16025 | WizLab   | Noticed a grey draconian monk
 16060 | WizLab   | Noticed a grey draconian monk
 16126 | WizLab   | Noticed a grey draconian monk
 16150 | WizLab   | Noticed a grey draconian monk
 16173 | WizLab   | Noticed a grey draconian monk
 16215 | WizLab   | Noticed a grey draconian monk
 16287 | WizLab   | Noticed a grey draconian monk
 16297 | WizLab   | Reached skill level 15 in Dodging
 16297 | WizLab   | Reached XP level 17. HP: 107/107 MP: 1/24
 16366 | WizLab   | Gained mutation: Your muscles are strong. (Str +2) [potion of beneficial mutation]
 16476 | Depths:1 | Found a gateway to Hell.
 16555 | Depths:1 | Received a gift from Okawaru
 16570 | Depths:1 | Reached skill level 1 in Translocations
 16958 | Lair:4   | Found a staircase to the Swamp.
 16984 | Swamp:1  | Entered Level 1 of the Swamp
 17372 | Swamp:3  | Received a gift from Okawaru
 17429 | Swamp:4  | Entered Level 4 of the Swamp
 17685 | Swamp:4  | Reached skill level 17 in Maces & Flails
 17726 | Swamp:4  | Reached XP level 18. HP: 75/115 MP: 16/25
 17784 | Swamp:4  | Got a decaying rune of Zot
 18047 | Orc:2    | Bought a book of Cantrips for 240 gold pieces
 18049 | Orc:2    | Learned a level 1 spell: Apportation
 18663 | Lair:4   | Found a staircase to the Snake Pit.
 18685 | Snake:1  | Entered Level 1 of the Snake Pit
 18689 | Snake:1  | Found a burning altar of Makhleb.
 18930 | Snake:2  | Got a transparent arbalest
 18931 | Snake:2  | Identified the +4 arbalest "Oghyfaec" {elec, +Blink} (You found it on level 2 of the Snake Pit)
 19089 | Snake:2  | Received a gift from Okawaru
 19283 | Snake:2  | Found a snail-covered altar of Cheibriados.
 19520 | Snake:4  | Entered Level 4 of the Snake Pit
 19792 | Snake:4  | Noticed Vashnia
 19872 | Snake:4  | Reached skill level 18 in Maces & Flails
 19907 | Snake:4  | Received a gift from Okawaru
 19910 | Snake:4  | Got a pair of warped gloves {god gift}
 19912 | Snake:4  | Identified the +0 pair of gloves of the Illusory Wishes {rF+ Int+3} (Okawaru gifted it to you on level 4 of the Snake Pit)
 20156 | Snake:4  | Reached skill level 19 in Maces & Flails
 20237 | Snake:4  | Reached XP level 19. HP: 119/122 MP: 26/26
 20263 | Snake:4  | Got a serpentine rune of Zot
 20400 | Snake:4  | Killed Vashnia
 20585 | Snake:1  | Got a dazzling dire flail
 20586 | Snake:1  | Identified the +1 dire flail "Hames" {crush, MR+ Dex+5} (You acquired it on level 1 of the Snake Pit)
 20789 | Slime:1  | Entered Level 1 of the Pits of Slime
 21004 | Slime:6  | Entered Level 6 of the Pits of Slime
 21118 | Slime:6  | Paralysed by a giant eyeball for 2 turns
 21154 | Slime:6  | Received a gift from Okawaru
 21154 | Slime:6  | Reached skill level 20 in Maces & Flails
 21156 | Slime:6  | Got a heavily runed scale mail {god gift}
 21157 | Slime:6  | Identified the +9 scale mail "Kinuopt" {+Fly rCorr Dex+3} (Okawaru gifted it to you on level 6 of the Pits of Slime)
 21238 | Slime:6  | Found a viscous altar of Jiyva.
 21267 | Slime:6  | Reached skill level 1 in Charms
 21352 | Slime:6  | Reached skill level 1 in Hexes
 21420 | Slime:6  | Reached skill level 5 in Spellcasting
 21603 | Slime:6  | Noticed the Royal Jelly
 21633 | Slime:6  | Killed the Royal Jelly
 22079 | Elf:1    | Found Zeyrghy's Magic Scroll Boutique.
 22097 | Elf:1    | Bought a scroll of acquirement for 832 gold pieces
 22117 | Elf:1    | Found Kiworeaxt's Food Emporium.
 22340 | Elf:1    | Received a gift from Okawaru
 22347 | Elf:1    | Got a dazzling great mace {god gift}
 22348 | Elf:1    | Identified the +8 great mace "Hiake" {antimagic, rF+ MR+ Str+3} (Okawaru gifted it to you on level 1 of the Elven Halls)
 22499 | Elf:1    | Reached XP level 20. HP: 63/130 MP: 10/30
 22868 | Elf:2    | Found a gateway to a bazaar.
 22933 | Elf:3    | Entered Level 3 of the Elven Halls
 23062 | Elf:3    | Gained mutation: Your spells are a little harder to cast, but a little more powerful. [potion of beneficial mutation]
 23408 | Elf:3    | Received a gift from Okawaru
 23681 | Elf:3    | Reached skill level 5 in Charms
 24036 | Elf:3    | Got a crude pewter ring
 24037 | Elf:3    | Got a twisted scale mail
 24052 | Elf:3    | Identified the +2 scale mail of Mental Paralysis {*Corrode rC+++ Dex+4 Slay+3} (You found it on level 3 of the Elven Halls)
 24063 | Elf:3    | Identified the ring of the Kraken {rPois rC+} (You found it on level 3 of the Elven Halls)
 24116 | Elf:3    | Got a crude crystal plate armour
 24118 | Elf:3    | Identified the +2 crystal plate armour "Qouhe" {rPois rN++ MP-9 Str+2} (You took it off a deep elf high priest on level 3 of the Elven Halls)
 24171 | Elf:3    | Received a gift from Okawaru
 24374 | Elf:3    | Got a twisted bardiche
 24375 | Elf:3    | Identified the +8 bardiche of the Thirteen Lies {drain, Str+7} (You found it on level 3 of the Elven Halls)
 24418 | Elf:3    | Learned a level 3 spell: Regeneration
 24684 | Bazaar   | Entered a bazaar
 24686 | Bazaar   | Found Suam's Distillery.
 24694 | Bazaar   | Found Ykoif's Antique Armour Boutique.
 24704 | Bazaar   | Found Kirybric's Book Boutique.
 24741 | Bazaar   | Found Batzukhl Sida's Armour Shop.
 24767 | Bazaar   | Bought a potion of agility for 64 gold pieces
 24767 | Bazaar   | Bought a potion of agility for 64 gold pieces
 24767 | Bazaar   | Bought a potion of might for 64 gold pieces
 24775 | Bazaar   | Bought an amethyst-encrusted chain mail for 256 gold pieces
 24789 | Bazaar   | Identified the cursed +0 chain mail "Faczu" {MR- Str+4 Int+7} (You bought it in a shop in a bazaar)
 25310 | Slime:6  | Identified Sif Muna's Grimoire of the Floating Traveller (You found it on level 6 of the Pits of Slime)
 25317 | Slime:6  | Learned a level 5 spell: Silence
 25359 | Slime:6  | Got a slimy rune of Zot
 25518 | Lair:6   | Reached skill level 5 in Hexes
 25762 | Vaults:1 | Entered Level 1 of the Vaults
 25892 | Vaults:1 | Noticed Norris
 25912 | Vaults:1 | Killed Norris
 25912 | Vaults:1 | Reached XP level 21. HP: 98/136 MP: 13/33
 26492 | Vaults:2 | Found a staircase to the Crypt.
 26541 | Vaults:2 | Received a gift from Okawaru
 26964 | Vaults:4 | Noticed Saint Roka
 26988 | Vaults:4 | Killed Saint Roka
 27225 | Vaults:5 | Entered Level 5 of the Vaults
 27590 | Vaults:4 | Received a gift from Okawaru
 27596 | Vaults:4 | Got a pitted buckler {god gift}
 27602 | Vaults:4 | Identified the +0 buckler "Kahaxuur" {rCorr Str+4} (Okawaru gifted it to you on level 4 of the Vaults)
 27775 | Vaults:5 | Noticed a golden dragon
 27800 | Vaults:5 | Killed a golden dragon
 27897 | Vaults:4 | Reached XP level 22. HP: 143/143 MP: 14/34
 27922 | Vaults:5 | Reached skill level 15 in Fighting
 28062 | Vaults:4 | Reached skill level 10 in Charms
 28318 | Vaults:5 | Got a twitching tin amulet
 28319 | Vaults:5 | Identified the amulet of the Jackalope {RegenMP SInv} (You found it on level 5 of the Vaults)
 28365 | Vaults:5 | Got a silver rune of Zot
 28401 | Vaults:5 | Got a pair of polished boots
 28402 | Vaults:5 | Identified the cursed +0 pair of boots of Darkness {rPois Int-3 Stlth+} (You found it on level 5 of the Vaults)
 28522 | Vaults:5 | Received a gift from Okawaru
 28789 | Vaults:5 | Noticed an ancient lich
 28830 | Vaults:5 | Killed an ancient lich
 28830 | Vaults:5 | Reached skill level 10 in Hexes
 29439 | Vaults:5 | Received a gift from Okawaru
 29526 | Vaults:5 | Reached XP level 23. HP: 99/152 MP: 15/35
 29559 | Vaults:5 | Got a crystal great mace {vamp}
 29561 | Vaults:5 | Identified the +7 great mace of the Shore {vamp, *Confuse rElec Dex+5 Stlth+} (You took it off an ogre mage on level 5 of the Vaults)
 29603 | Vaults:5 | Found Laitara's Antique Armour Boutique.
 29614 | Vaults:5 | Learned a level 3 spell: Spectral Weapon
 29675 | Vaults:5 | Received a gift from Okawaru
 30489 | D:4      | Found a staircase to the Ecumenical Temple.
 30498 | Temple   | Entered the Ecumenical Temple
 30644 | D:3      | Fell from the grace of Okawaru
 30644 | D:3      | Became a worshipper of the Shining One
 30810 | Orc:2    | Bought a book of Burglary for 900 gold pieces
 30815 | Orc:2    | Learned a level 4 spell: Passage of Golubria
 31300 | Crypt:1  | Entered Level 1 of the Crypt
 31442 | Crypt:1  | Reached * piety under the Shining One
 31641 | Crypt:2  | Reached ** piety under the Shining One
 31973 | Crypt:3  | Entered Level 3 of the Crypt
 31997 | Crypt:3  | Reached *** piety under the Shining One
 32084 | Crypt:3  | Found a staircase to the Tomb.
 32180 | Crypt:3  | Reached **** piety under the Shining One
 32431 | Crypt:3  | Reached ***** piety under the Shining One
 32620 | Crypt:3  | Reached skill level 5 in Translocations
 32634 | Crypt:3  | Learned a level 6 spell: Haste
 32723 | Crypt:3  | Noticed a curse toe
 32736 | Crypt:3  | Killed a curse toe
 32868 | Crypt:3  | Found an ancient bone altar of Kikubaaqudgha.
 32870 | Crypt:3  | Found a basalt altar of Yredelemnul.
 33908 | Depths:1 | Found a one-way gate leading to the halls of Pandemonium.
 34012 | Depths:1 | Reached ****** piety under the Shining One
 34154 | Depths:2 | Noticed Sojobo
 34207 | Depths:3 | Reached XP level 24. HP: 97/155 MP: 14/35
 34378 | Depths:3 | Found a one-way gate to the infinite horrors of the Abyss.
 34410 | Depths:3 | Voluntarily entered the Abyss.
 34429 | Depths:3 | Escaped the Abyss
 34520 | Depths:3 | Voluntarily entered the Abyss.
 34577 | Abyss:1  | Gained mutation: Your spells are harder to cast, but more powerful. [a cacodemon]
 34963 | Abyss:2  | Found a corrupted altar of Lugonu.
 35172 | Abyss:2  | Was forgiven by Okawaru
 35448 | Abyss:3  | Gained mutation: Armour fits poorly on your strangely shaped body. [a neqoxec]
 35450 | Abyss:3  | Gained mutation: You are clumsy. (Dex -2) [a neqoxec]
 35454 | Abyss:3  | Lost mutation: Your spells are harder to cast, but more powerful. [potion of cure mutation]
 35454 | Abyss:3  | Lost mutation: You are partially covered in rough black scales (AC +4, Dex -1). [potion of cure mutation]
 35454 | Abyss:3  | Lost mutation: Your spells are a little harder to cast, but a little more powerful. [potion of cure mutation]
 35454 | Abyss:3  | Lost mutation: Armour fits poorly on your strangely shaped body. [potion of cure mutation]
 35454 | Abyss:3  | Lost mutation: You are clumsy. (Dex -2) [potion of cure mutation]
 35768 | Abyss:3  | Noticed an ancient lich
 35780 | Abyss:3  | Killed an ancient lich
 35924 | Abyss:4  | Got a fine great mace
 35925 | Abyss:4  | Identified the +8 great mace "Doprolei" {elec, rPois rF+ Stlth+} (You found it on level 4 of the Abyss)
 36122 | Abyss:4  | Reached skill level 10 in Invocations
 36359 | Abyss:4  | Noticed an ancient lich
 36368 | Abyss:4  | Killed an ancient lich
 36488 | Abyss:4  | Paralysed by accursed screaming for 2 turns
 36499 | Abyss:4  | Reached XP level 25. HP: 114/164 MP: 33/35
 36520 | Abyss:4  | Paralysed by accursed screaming for 1 turns
 36853 | Abyss:4  | Got an abyssal rune of Zot
 36859 | Abyss:5  | Entered Level 5 of the Abyss
 36859 | Abyss:5  | Found a corrupted altar of Lugonu.
 36871 | Depths:3 | Escaped the Abyss
 36903 | Depths:3 | Got a translucent iron ring
 36909 | Depths:3 | Identified the cursed ring "Plog" {-Tele rElec AC-2 Slay+3} (You found it on level 3 of the Depths)
 37122 | Depths:2 | HP: 7/165 [Sojobo/the air (34)]
 37123 | Depths:2 | Killed from afar by a fire dragon

Skill      XL: |  1  2  3  4  5  6  7  8  9 10 11 12 13 14 15 16 17 18 19 20 21 22 23 24 25 |
---------------+----------------------------------------------------------------------------+-----
Summonings     | 5 6 7 8 9 10 | 10.5
Maces & Flails | 1 2 4 5 6 8 9 10 12 13 15 16 17 19 20 | 20.2
Fighting       | 2 3 5 6 7 9 11 12 13 14 16 17 | 17.5
Dodging        | 4 5 6 9 11 12 14 15 16 | 16.7
Spellcasting   | 3 4 6 7 |  7.8
Air Magic      | 5 6 |  6.5
Armour         | 3 6 8 10 11 12 13 | 13.6
Ice Magic      | 2 4 |  4.3
Invocations    | 2 3 6 8 10 11 | 11.8
Translocations | 3 6 8 |  8.0
Charms         | 3 6 9 11 12 13 | 13.3
Hexes          | 3 5 9 10 11 12 | 12.4
Stealth        | |  2.0

Action                   |  1- 3 |  4- 6 |  7- 9 | 10-12 | 13-15 | 16-18 | 19-21 | 22-24 | 25-27 || total
-------------------------+-------+-------+-------+-------+-------+-------+-------+-------+-------++-------
Melee: Short sword       |    43 |     5 |       |       |       |       |       |       |       ||    48
       Kick              |     7 |    11 |    29 |   181 |   586 |   604 |   871 |  1177 |   107 ||  3573
       Peck              |     8 |    10 |    15 |   111 |   408 |   417 |   561 |   753 |    76 ||  2359
       Flail             |       |    52 |   106 |    72 |       |       |       |       |       ||   230
       Great mace        |       |       |       |   529 |  1513 |  1118 |  1571 |  2018 |   251 ||  7000
       Morningstar       |       |       |       |    14 |       |       |       |       |       ||    14
       Unarmed           |       |       |       |       |    15 |       |       |       |       ||    15
 Fire: Blowgun           |       |       |       |    30 |     6 |       |       |       |       ||    36
Throw: Tomahawk          |       |     3 |     5 |     1 |       |     4 |       |       |       ||    13
 Cast: Summon Small Mamm |    18 |       |       |       |       |       |       |       |       ||    18
       Call Imp          |    11 |     9 |     8 |     3 |       |       |       |       |       ||    31
       Call Canine Famil |     2 |    11 |    20 |    33 |    10 |       |       |       |       ||    76
       Summon Guardian G |       |     1 |     4 |     4 |       |       |       |       |       ||     9
       Summon Lightning  |       |       |       |    16 |     4 |       |     4 |     2 |     1 ||    27
       Summon Ice Beast  |       |       |       |    23 |    58 |    11 |     2 |     2 |       ||    96
       Blink             |       |       |       |       |     3 |    12 |     7 |    12 |     1 ||    35
       Repel Missiles    |       |       |       |       |     3 |     8 |    10 |    11 |       ||    32
       Apportation       |       |       |       |       |       |       |     1 |     9 |     1 ||    11
       Regeneration      |       |       |       |       |       |       |     1 |     1 |       ||     2
       Silence           |       |       |       |       |       |       |       |     1 |       ||     1
       Passage of Golubr |       |       |       |       |       |       |       |     5 |       ||     5
       Spectral Weapon   |       |       |       |       |       |       |       |    22 |     3 ||    25
Invok: Heroism           |       |       |       |     5 |    23 |    19 |    50 |    16 |       ||   113
       Finesse           |       |       |       |       |       |       |     6 |     3 |       ||     9
       Cleansing Flame   |       |       |       |       |       |       |       |    11 |    14 ||    25
       Summon Divine War |       |       |       |       |       |       |       |     2 |     1 ||     3
       Divine Shield     |       |       |       |       |       |       |       |       |     1 ||     1
 Abil: Fly               |       |       |     4 |    33 |    14 |       |     2 |     6 |       ||    59
       Stop Flying       |       |       |       |       |       |       |     2 |     6 |       ||     8
Evoke: Rod               |       |       |    29 |    53 |    35 |       |    12 |    24 |       ||   153
       Deck              |       |       |       |     3 |       |       |     1 |       |       ||     4
       Wand              |       |       |       |       |     1 |       |     6 |       |     1 ||     8
       Phial of floods   |       |       |       |       |       |       |       |     1 |       ||     1
  Use: Potion            |       |     3 |       |     4 |     8 |    12 |    11 |    10 |     2 ||    50
       Scroll            |       |       |     5 |    17 |    12 |     4 |    14 |    11 |     5 ||    68
 Stab: Sleeping          |     3 |     1 |       |     9 |     9 |     6 |     6 |     1 |       ||    35
       Distracted        |       |       |     2 |     7 |     6 |     3 |     2 |     5 |       ||    25
       Confused          |       |       |       |       |     3 |       |     2 |       |       ||     5
       Invisible         |       |       |       |       |     4 |       |     2 |       |       ||     6
  Eat: Chunk             |     2 |     4 |    10 |    20 |    42 |     6 |     1 |     2 |       ||    87
       Pizza             |       |     2 |       |       |     2 |     2 |     3 |     2 |       ||    11
       Meat ration       |       |       |       |     3 |       |     1 |     5 |     7 |     1 ||    17
       Fruit             |       |       |       |     4 |     5 |     4 |     4 |     2 |       ||    19
       Beef jerky        |       |       |       |     1 |     1 |     2 |     1 |       |       ||     5
       Bread ration      |       |       |       |       |     1 |       |       |     1 |       ||     2
       Royal jelly       |       |       |       |       |       |     1 |       |       |       ||     1
Armor: Robe              |    19 |    10 |    20 |       |       |       |       |       |       ||    49
       Leather armour    |       |       |     3 |    42 |   402 |   187 |    31 |       |       ||   665
       Ring mail         |       |       |       |   191 |       |       |       |       |       ||   191
       Scale mail        |       |       |       |       |       |       |   224 |   486 |    54 ||   764
Dodge: Dodged            |    70 |    54 |   113 |   559 |  2097 |  1744 |  1408 |  2228 |   277 ||  8550
       Deflected         |       |       |       |       |    11 |    30 |    46 |    61 |     4 ||   152
Block: Other             |       |       |       |       |       |       |       |       |    15 ||    15
